 Dungeon Crawl Stone Soup version 0.26.1-2-gb8aa6d0cf2 (webtiles) character file.

Game seed: 15183282044361696381

9384 12sPaWn12 the Basher (level 11, -6/70 HPs)
             Began as a Gargoyle Fighter on Mar 9, 2021.
             Mangled by a sixfirhy (7 damage)
             ... led by a cacodemon
             ... on level 2 of the Abyss on Mar 23, 2021.
             The game lasted 00:50:53 (11377 turns).

12sPaWn12 the Basher (Gargoyle Fighter)            Turns: 11377, Time: 00:50:54

Health: -6/70      AC: 28    Str: 20      XL:     11   Next: 45%
Magic:  11/11      EV:  7    Int:  9 (10) God:
Gold:   664        SH: 12    Dex: 16      Spells: 10/10 levels left

rFire    . . .     SeeInvis .   a - +2 flail
rCold    + + .     Faith    .   c - +0 kite shield
rNeg     + . .     Spirit   .   z - +3 plate armour {rC+}
rPois    ∞         Reflect  .   o - +0 helmet
rElec    +         Harm     .   f - +0 cloak
rCorr    +         Rampage  .   (no gloves)
Will     +....                  (no boots)
Stlth    ..........             (no amulet)
HPRegen  0.21/turn              v - ring "Lehumo" {rC+ Will+ Dex+7}
MPRegen  0.12/turn              p - ring of resist corrosion

@: flying
A: rugged brown scales 1, negative energy resistance 1, electricity resistance,
weak 1, unbreathing, petrification resistance, miasma immunity, AC +8
a: no special abilities


You were on level 2 of the Abyss.
You visited 2 branches of the dungeon, and saw 10 of its levels.
You visited the Abyss 1 time.
You also visited: Bailey.

You collected 664 gold pieces.

Inventory:

Hand Weapons
 a - a +2 flail (weapon)
Armour
 c - a +0 kite shield (worn)
 f - a +0 cloak (worn)
 o - a +0 helmet (worn)
 z - a +3 plate armour of cold resistance (worn)
Jewellery
 n - an uncursed amulet of magic regeneration
 p - a ring of resist corrosion (right hand)
 v - the ring "Lehumo" (left hand) {rC+ Will+ Dex+7}
   (You found it on level 5 of the Dungeon)

   [ring of protection from cold]

   It affects your dexterity (+7).
   It protects you from cold.
   It affects your willpower, your defense against some magical effects.
 y - the ring of Qiuwydwuv {*Tele Str+3}
   (You found it on level 8 of the Dungeon)

   [ring of teleportation]

   It may teleport you next to monsters.
   It affects your strength (+3).
Wands
 e - a wand of flame (27)
 w - a wand of paralysis (2)
Scrolls
 h - 6 scrolls of remove curse
 k - 2 scrolls of magic mapping
 r - 3 scrolls of identify
Potions
 d - 2 potions of might
 g - 2 potions of lignification
 j - 6 potions of ambrosia
 q - 2 potions of attraction


   Skills:
 * Level 7.6 Fighting
 * Level 10.6 Maces & Flails
 * Level 7.5 Armour
 * Level 4.5 Dodging
 * Level 9.9 Shields
 * Level 3.9 Evocations


You had 10 spell levels left.
You didn't know any spells.
Your spell library contained the following spells:

 Spells                   Type           Power        Failure   Level
 Corpse Rot               Necr/Air       N/A          100%        2
 Stone Arrow              Conj/Erth      0%           100%        3
 Summon Forest            Summ/Tloc      0%           100%        5
 Eringya's Noxious Bog    Tmut/Pois      0%           100%        6
 Hydra Form               Tmut           0%           100%        6
 Summon Hydra             Summ           0%           100%        7


Dungeon Overview and Level Annotations

Branches:
Dungeon (9/15)             Temple (1/1) D:5            Lair (0/6) D:8
 Bailey (visited)
    Orc: D:9-12

Altars:
Ashenzari
Cheibriados
Dithmenos
Elyvilon
Fedhas
Gozag
Hepliaklqana
Kikubaaqudgha
Makhleb
Nemelex Xobeh
Okawaru
Qazlal
Ru
Sif Muna
Trog
Uskayaw
Vehumet
Wu Jian
Xom
Yredelemnul
Zin
The Shining One

Shops:
D:4 :

Annotations:
D:7 2 transporters, azarias's ghost, novice GrEE
D:9 Psyche


Innate Abilities, Weirdness & Mutations

You are resistant to torment.
Your stone body is resilient. (AC +8)
You are immune to poison.
You resist negative energy. (rN+)
You are resistant to electric shocks. (rElec)
You can survive without breathing.
You are immune to petrification.
You are immune to miasma.
You are partially covered in rugged brown scales. (AC +1, +3% HP)
You are weak. (Str -2)


Message History

You are shoved backwards!
You block the thrashing horror's attack.
The thrashing horror barely misses you.
Okay, then.
As you read the scroll of fog, it crumbles to dust.
The scroll dissolves into smoke.
You block the thrashing horror's attack.
The thrashing horror tramples you.
* * * LOW HITPOINT WARNING * * *
You hold your ground!
The neqoxec gestures.
You block the thrashing horror's attack.
The thrashing horror tramples you but does no damage.
The neqoxec gestures at you.
Something tries to feed on your intellect!
The thrashing horror barely misses you.
You block the thrashing horror's attack.
The thrashing horror roars!
The sixfirhy hits you!
You die...

# . .. #. .#. .#
.##.###. ..#### .5##
....#..# . .....
#.###...#...... #...
#§...#..#....## ###
♣.≈ ###5...##.##...#
#.≈≈.#≈♣#§35≈≈≈#≈≈.≈.≈
. ♣#.≈@3§#≈≈3≈≈.#≈≈.#
#.≈§§X§5#X≈#3≈ ≈# .
####§#W#.3###...# ..
#.###.### #..###. #.
W...#..#.#...###
##.###.# #.X##.... #
.. ##.## .#.# # ...#
.3#... # . #..#§##...


You could see a flayed ghost, a thrashing horror and a sixfirhy.

Vanquished Creatures
  Erolcha (D:9)
  An apocalypse crab (Abyss:2)
  A smoke demon (Abyss:2)
  An ancient zyme (Abyss:2)
  A queen bee (D:9)
  A large abomination (Abyss:2)
  3 raiju (Abyss:2)
  A wyvern (D:8)
  3 water moccasins (D:8)
  3 sky beasts
  An ice beast (D:5)
  2 black bears (D:8)
  3 eyes of draining (D:4)
  2 phantoms
  7 orc warriors
  6 ogres
  3 centaurs
  2 big kobolds (D:9)
  4 bullfrogs
  4 scorpions (D:8)
  27 killer bees
  A howler monkey (D:4)
  4 wights (D:6)
  3 crimson imps (D:5)
  8 hounds
  A jelly (D:8)
  3 quasits
  A bullfrog skeleton (D:9)
  A bullfrog zombie (D:5)
  A centaur zombie (D:5)
  A gnoll shaman (D:7)
  8 orc priests
  2 iron imps
  8 orc wizards
  2 iguanas
  8 worker ants
  A statue (D:8)
  A killer bee zombie (D:6)
  2 small abominations (Abyss:2)
  3 hound skeletons
  12 gnolls
  A howler monkey skeleton (D:4)
  16 adders
  A shadow imp (D:5)
  3 white imps
  An ufetubus (D:9)
  2 oozes
  An adder zombie (D:8)
  An adder skeleton (D:5)
  5 worms
  7 dart slugs
  8 leopard geckos
  32 orcs
  8 bats
  5 giant cockroaches
  14 goblins
  13 hobgoblins
  8 jackals
  8 quokkas
  A ball python (D:1)
  6 frilled lizards
  A jackal skeleton (D:5)
  30 kobolds
  2 leopard gecko skeletons
  2 quokka skeletons
  12 rats
336 creatures vanquished.

Vanquished Creatures (others)
  2 kobolds (D:9)
  24 fungi (D:8)
  A lurking horror (Abyss:2)
  24 plants (D:8)
51 creatures vanquished.

Grand Total: 387 creatures vanquished

Notes
Turn   | Place    | Note
-------+----------+-------------------------------------------
     0 | D:1      | 12sPaWn12 the Gargoyle Fighter began the quest for the Orb.
     0 | D:1      | Reached XP level 1. HP: 14/14 MP: 1/1
   105 | D:1      | Reached XP level 2. HP: 17/19 MP: 2/2
   162 | D:1      | Reached XP level 3. HP: 16/23 MP: 3/3
   942 | D:2      | Reached skill level 3 in Maces & Flails
  1032 | D:2      | Reached XP level 4. HP: 23/29 MP: 4/4
  1239 | D:2      | Found a shimmering altar of Xom.
  1947 | D:2      | Reached XP level 5. HP: 22/33 MP: 5/5
  2291 | D:3      | Reached skill level 1 in Dodging
  2341 | D:3      | Reached XP level 6. HP: 38/38 MP: 6/6
  2505 | D:3      | Reached skill level 4 in Maces & Flails
  3407 | D:4      | Reached XP level 7. HP: 28/44 MP: 7/7
  3652 | D:4      | Found Vidgh's Book Emporium.
  3708 | D:4      | Reached skill level 5 in Maces & Flails
  3922 | D:4      | Reached skill level 5 in Shields
  4065 | D:4      | Found a bloodstained altar of Trog.
  4108 | D:4      | Reached XP level 8. HP: 46/48 MP: 0/8
  4116 | D:4      | Reached skill level 5 in Fighting
  4116 | D:4      | Reached skill level 6 in Maces & Flails
  4206 | D:4      | Found a hazy altar of Hepliaklqana.
  4701 | D:5      | Entered Level 5 of the Dungeon
  5241 | D:4      | Reached skill level 5 in Armour
  5646 | D:5      | Found a sacrificial altar of Ru.
  5654 | D:5      | Reached skill level 7 in Maces & Flails
  5776 | D:5      | Found a shimmering altar of Xom.
  5844 | D:5      | Got a scintillating iron ring
  5854 | D:5      | Identified the ring "Lehumo" {rC+ Will+ Dex+7} (You found
                  | it on level 5 of the Dungeon)
  6075 | D:5      | Found a staircase to the Ecumenical Temple.
  6125 | Temple   | Entered the Ecumenical Temple
  6369 | D:5      | Found a glowing silver altar of Zin.
  6370 | D:5      | Found a bloodstained altar of Trog.
  6429 | D:5      | Reached XP level 9. HP: 54/54 MP: 9/9
  6466 | D:5      | Found a shimmering blue altar of Sif Muna.
  6612 | D:6      | Found a snail-covered altar of Cheibriados.
  6667 | D:6      | Reached skill level 1 in Evocations
  6811 | D:6      | Reached skill level 8 in Maces & Flails
  7230 | D:6      | Found a burning altar of Makhleb.
  7853 | D:7      | Noticed a hornet
  7854 | D:7      | Found a transporter.
  7859 | D:7      | Found a transporter.
  7860 | D:7      | Noticed azarias's ghost (novice GrEE)
  8393 | D:8      | Found a radiant altar of Vehumet.
  8421 | D:8      | Found a sparkling altar of Nemelex Xobeh.
  8436 | D:8      | Found a staircase to the Lair.
  8485 | D:8      | Reached XP level 10. HP: 40/61 MP: 10/10
  8495 | D:8      | Reached skill level 9 in Maces & Flails
  8610 | D:8      | Found a flagged portal.
  8759 | Bailey   | Entered a bailey
  9136 | D:8      | Got a steaming ivory ring
  9139 | D:8      | Identified the ring of Qiuwydwuv {*Tele Str+3} (You found
                  | it on level 8 of the Dungeon)
  9476 | D:8      | Found a shadowy altar of Dithmenos.
  9817 | D:9      | Noticed Erolcha
  9847 | D:9      | Killed Erolcha
 10048 | D:9      | Reached skill level 10 in Maces & Flails
 10055 | D:9      | Reached XP level 11. HP: 38/67 MP: 11/11
 10429 | D:9      | Found a broken altar of Ashenzari.
 10464 | D:9      | Noticed Psyche
 10496 | D:9      | Cast into level 2 of the Abyss (Psyche)
 10804 | Abyss:2  | Noticed a bunyip
 10811 | Abyss:2  | a bunyip changed into something unseen
 11028 | Abyss:2  | Noticed a glowing orange brain
 11050 | Abyss:2  | Noticed a glowing orange brain
 11053 | Abyss:2  | Noticed a deep elf mage
 11138 | Abyss:2  | Noticed a glowing orange brain
 11214 | Abyss:2  | Gained mutation: You are partially covered in rugged brown
                  | scales. (AC +1, +3% HP) [mutagenic glow]
 11246 | Abyss:2  | Noticed a tentacled starspawn
 11253 | Abyss:2  | Found a corrupted altar of Lugonu.
 11324 | Abyss:2  | Noticed a cacodemon
 11324 | Abyss:2  | Gained mutation: You are weak. (Str -2) [a cacodemon]
 11339 | Abyss:2  | Noticed a sixfirhy
 11342 | Abyss:2  | Noticed a sixfirhy
 11343 | Abyss:2  | Noticed a sixfirhy
 11344 | Abyss:2  | Noticed a large abomination
 11345 | Abyss:2  | Found a corrupted altar of Lugonu.
 11371 | Abyss:2  | Noticed a flayed ghost
 11372 | Abyss:2  | Noticed a thrashing horror
 11375 | Abyss:2  | HP: 1/70 [thrashing horror (4)]
 11377 | Abyss:2  | Mangled by a sixfirhy

Illustrated notes

Levels and vault maps discovered:
D:1:      elethiomel_arrival_quiet, layout_loops_ring, minmay_heptomino_w4
D:2:      layout_loops_corners, nicolae_overflow_crystal_walls,
          kennysheep_cross_bottleneck, st_stairs_1
D:3:      layout_basic, roderic_roman_lattice
D:4:      layout_basic, kennysheep_little_box, serial_shops, shop,
          trog_eyes_of_draining
D:5:      layout_cave_pools, old_standard_altar,
          gammafunk_temple_overflow_statue, lemuel_blue_sif_altar,
          minmay_temple_entry_statues, chequers_serial_rivers_micro_a,
          led_xom_imps
D:6:      layout_rooms, makhleb_heckhound_becter, slow_altar_1
D:7:      layout_basic, gammafunk_ghost_hive, columned_hall_lemuel
D:8:      layout_loops_ring, vehumet_statue, lemuel_coloured_pillars_altar,
          nemelex_xobeh_ov_fountains_minmay, due_lair_maze_entry_diamond,
          enter_bailey_4
D:9:      layout_roguey, marbit_many_paths, special_room [special_room_bee],
          onia_ninara_dug_in_and_dangerous, uniq_erolcha, uniq_psyche
Temple:   compressed_dpeg_circular_temple
Abyss:2:  base: D:4, serial_sigils_hangedman_gut, minivault_20,
          evilmike_abyss_exit_chaos

Skill      XL: |  1  2  3  4  5  6  7  8  9 10 |
---------------+-------------------------------+-----
Maces & Flails | 3 4 5 7 8 10 | 10.6
Fighting       | 4 5 6 7 |  7.6
Shields        | 4 5 6 7 9 |  9.9
Dodging        | 1 2 3 4 |  4.5
Armour         | 4 5 6 7 |  7.5
Evocations     | 2 3 |  3.9

Action                   |  1- 3 |  4- 6 |  7- 9 | 10-12 || total
-------------------------+-------+-------+-------+-------++-------
Melee: Flail             |   146 |   254 |   628 |   614 ||  1642
Evoke: Wand              |       |       |       |    37 ||    37
  Use: Scroll            |       |     8 |     5 |    15 ||    28
       Potion            |       |       |     2 |    16 ||    18
 Stab: Distracted        |       |       |       |     1 ||     1
Armor: Scale mail        |   122 |   138 |   188 |       ||   448
       Plate armour      |       |       |    70 |   479 ||   549
       Skin              |       |       |       |    38 ||    38
Dodge: Dodged            |    72 |    88 |   169 |   243 ||   572
Block: Kite shield       |    97 |   133 |   274 |   578 ||  1082
